 Dungeon Crawl Stone Soup version 0.23.2 (webtiles) character file.

Game seed: 5078532580358239214

43 Kinoniko the Slasher (level 3, -6/27 HPs)
             Began as a Demonspawn Gladiator on Apr 2, 2019.
             Mangled by a hobgoblin
             ... wielding a +0 club
             ... led by Robin
              (11 damage)
             ... on level 2 of the Dungeon.
             The game lasted 00:03:28 (813 turns).

Kinoniko the Slasher (Demonspawn Gladiator)          Turns: 813, Time: 00:03:28

Health: -6/27      AC:  3    Str: 15    XL:     3   Next: 37%
Magic:  3/3        EV: 13    Int:  9    God:
Gold:   51         SH:  0    Dex: 14    Spells: 2/2 levels left

rFire    . . .     SeeInvis .   j - +2 short sword (speed)
rCold    . . .     Gourm    .   (no shield)
rNeg     . . .     Faith    .   b - +0 leather armour
rPois    .         Spirit   .   (helmet restricted)
rElec    .         Reflect  .   (no cloak)
rCorr    .         Harm     .   (no gloves)
MR       .....                  (no boots)
Stlth    +.........             (no amulet)
HPRegen  0.09/turn              (no ring)
MPRegen  0.08/turn              (no ring)

@: no status effects
A: claws 1, horns 1
a: no special abilities


You were on level 2 of the Dungeon.
You were not hungry.

You visited 1 branch of the dungeon, and saw 2 of its levels.

You collected 51 gold pieces.

Inventory:

Hand Weapons
 a - a +0 long sword
 j - a +2 short sword of speed (weapon)
Missiles
 d - 3 throwing nets (quivered)
Armour
 b - a +0 leather armour (worn)
 c - a +0 helmet
Jewellery
 g - an uncursed ring of ice {unknown}
Scrolls
 e - a scroll of magic mapping {unknown}
 k - 2 scrolls of identify {unknown}
 l - a scroll of remove curse {unknown}
Potions
 h - a potion of brilliance {unknown}
Comestibles
 f - 2 rations


   Skills:
 + Level 2.1 Fighting
 + Level 0.5(2.2) Short Blades
 + Level 3.4(3.5) Long Blades
 + Level 1.8 Throwing
 + Level 0.1 Armour
 + Level 3.1 Dodging


You had 2 spell levels left.
You didn't know any spells.
Your spell library was empty.

Dungeon Overview and Level Annotations

Branches:
Dungeon (2/15)

Altars:
Xom


Innate Abilities, Weirdness & Mutations

You have sharp fingernails.
You have a pair of small horns on your head.


Message History

You closely miss the hobgoblin.
A jackal comes into view.
The hobgoblin barely misses you. The goblin barely misses you.
You hit the hobgoblin.
The hobgoblin is almost dead.
You hit the hobgoblin.
You kill the hobgoblin!
The goblin misses you.
You puncture the ball python!
You kill the ball python!
The goblin hits you but does no damage.
You hit the hobgoblin.
The hobgoblin is severely wounded.
The hobgoblin hits you with a +0 club.
You hit the hobgoblin but do no damage.
The hobgoblin is severely wounded.
The goblin hits you.
* * * LOW HITPOINT WARNING * * *
The hobgoblin hits you with a +0 club!
You die...

#.# .##g#####.#
#gggg.gg#.###
#.#>#.##
#.###g#....##
#.......gh..#.#.#
#####...ghh...h.#
#####g###h## #@#
#g# #+#


You could see 3 jackals, 2 hobgoblins and 2 goblins.

Vanquished Creatures
  Robin (D:2)
  An ooze (D:1)
  A dart slug (D:1)
  A leopard gecko (D:2)
  A ball python (D:2)
  A giant cockroach (D:1)
  7 goblins
  4 hobgoblins
  A bat (D:1)
  A frilled lizard (D:1)
  3 kobolds (D:1)
  2 rats (D:1)
24 creatures vanquished.

Notes
Turn   | Place    | Note
-------+----------+-------------------------------------------
     0 | D:1      | Kinoniko the Demonspawn Gladiator began the quest for the
                  | Orb.
     0 | D:1      | Reached XP level 1. HP: 16/16 MP: 1/1
    82 | D:1      | Found a hide-covered altar of Uskayaw.
    84 | D:1      | Found a snail-covered altar of Cheibriados.
    84 | D:1      | Found a shimmering altar of Xom.
    86 | D:1      | Found a shimmering altar of Xom.
    86 | D:1      | Found a glowing golden altar of the Shining One.
    86 | D:1      | Found a bloodstained altar of Trog.
   101 | D:1      | Gained mutation: You have a pair of small horns on your
                  | head. [demonic ancestry]
   101 | D:1      | Reached XP level 2. HP: 19/22 MP: 2/2
   772 | D:2      | Noticed Robin
   797 | D:2      | Gained mutation: You have sharp fingernails. [demonic
                  | ancestry]
   797 | D:2      | Reached XP level 3. HP: 21/27 MP: 3/3
   807 | D:2      | Killed Robin
   813 | D:2      | Mangled by a hobgoblin

Skill      XL: |  1  2 |
---------------+-------+-----
Long Blades    | 3 |  3.4
Dodging        | 3 |  3.1
Fighting       | |  2.1
Short Blades   | |  0.5
Throwing       | |  1.8
Armour         | |  0.1

Action                   || total
-------------------------++-------
Melee: Long sword        ||    23
       Short sword       ||    34
       Headbutt          ||     8
  Use: Scroll            ||     2
       Potion            ||     1
Armor: Leather armour    ||    11
Dodge: Dodged            ||    37
       Rpst.: Long sword ||     3
